 Dungeon Crawl Stone Soup version 0.29-a0-330-g52719c12eb (webtiles) character file.

Game seed: 9918927870366234992

3137 Crownlay the Digger (level 9, -6/61 HPs)
             Began as an Octopode Earth Elementalist on May 9, 2022.
             Was an Initiate of Gozag.
             Mangled by Gastronok (31 damage)
             ... on level 8 of the Dungeon.
             The game lasted 00:17:55 (9282 turns).

Crownlay the Digger (Octopode Earth Elementalist)   Turns: 9282, Time: 00:17:56

Health: -6/61      AC:  1    Str:  7    XL:     9   Next: 92%
Magic:  9/28       EV: 13    Int: 21    God:    Gozag
Gold:   87         SH:  0    Dex: 13    Spells: 13/21 levels left

rFire   . . .      SeeInvis .   v - +3 dagger (pain)
rCold   . . .      Faith    .   (no shield)
rNeg    . . .      Spirit   .   (helmet restricted)
rPois   +          Reflect  .   w - amulet of the acrobat
rElec   .          Harm     .   t - ring of magical power
rCorr   .          Rampage  .   y - ring of poison resistance
Will    .....                   (no ring)
Stlth   +++.......              (no ring)
HPRegen 0.20/turn               (no ring)
MPRegen 0.21/turn               (no ring)
                                (no ring)
                                (no ring)

@: no status effects
A: almost no armour, amphibious, 8 rings, camouflage 1, gelatinous body 1,
(nimble swimmer 1), tentacles
a: Renounce Religion, Potion Petition, Call Merchant, Bribe Branch


You were on level 8 of the Dungeon.
You worshipped Gozag.
Gozag was noncommittal.
You visited 2 branches of the dungeon, and saw 9 of its levels.

You collected 454 gold pieces.
You spent 240 gold pieces at shops.
You paid 127 gold pieces to Gozag.

Inventory:

Hand Weapons
 v - a +3 dagger of pain (weapon)
Missiles
 i - 3 curare-tipped darts
 s - 66 stones
 x - a throwing net
Jewellery
 t - a ring of magical power (left tentacle)
 w - an amulet of the acrobat (around mantle)
 y - a ring of poison resistance (right tentacle)
Wands
 p - a wand of paralysis (4)
 A - a wand of acid (4)
 D - a wand of iceblast (3)
Scrolls
 c - 3 scrolls of enchant weapon
 f - 2 scrolls of summoning
 j - a scroll of fear
 m - 2 scrolls of amnesia
 n - 2 scrolls of fog
 o - 4 scrolls of teleportation
 r - 2 scrolls of blinking
 u - a scroll of enchant armour
 B - a scroll of silence
 C - a scroll of torment {unknown}
Potions
 a - a potion of invisibility {unknown}
 b - 3 potions of magic
 d - 3 potions of brilliance {unknown}
 e - 8 potions of lignification {unknown}
 g - 3 potions of curing {unknown}
 h - a potion of resistance {unknown}
 k - 3 potions of heal wounds {unknown}
 l - 2 potions of ambrosia
 q - 3 potions of mutation {unknown}
 z - a potion of attraction {unknown}


   Skills:
 + Level 5.1 Fighting
 - Level 2.0 Dodging
 - Level 2.6 Stealth
 + Level 6.8 Spellcasting
 + Level 7.1 Conjurations
 - Level 1.0 Transmutations
 + Level 7.8 Earth Magic


You had 13 spell levels left.
You knew the following spells:

 Your Spells              Type           Power      Damage    Failure   Level
a - Sandblast             Erth           80%        2d17      1%          1
b - Stone Arrow           Conj/Erth      76%        3d11      1%          3
c - Petrify               Tmut/Erth      25%        N/A       14%         4

Your spell library contained the following spells:

 Spells                   Type           Power      Damage    Failure   Level
 Passwall                 Tmut/Erth      20%        N/A       2%          2
 Dazzling Flash           Conj/Hex       44%        N/A       6%          3
 Corpse Rot               Necr/Air       14%        N/A       14%         2
 Poisonous Vapours        Pois/Air       14%        N/A       14%         2
 Iskenderun's Mystic Bla  Conj/Tloc      22%        2d6       21%         4
 Borgnjor's Vile Clutch   Necr/Erth      11%        N/A       45%         5
 Alistair's Intoxication  Tmut/Pois      6%         N/A       90%         5
 Starburst                Conj/Fire      11%        6d5       97%         6
 Eringya's Noxious Bog    Tmut/Pois      4%         N/A       100%        6


Dungeon Overview and Level Annotations

Branches:
Dungeon (8/15)             Temple (1/1) D:5
   Lair: D:8-11

Altars:
Ashenzari
Cheibriados
Dithmenos
Elyvilon
Fedhas
Gozag
Kikubaaqudgha
Makhleb
Nemelex Xobeh
Okawaru
Qazlal
Ru
Sif Muna
Trog
Uskayaw
Vehumet
Wu Jian
Xom
Yredelemnul
Zin
The Shining One

Shops:
D:1 :   D:5 =

Annotations:
D:6 2 transporters, kae's ghost, novice DgFE
D:8 Gastronok


Innate Abilities, Weirdness & Mutations

You cannot wear most types of armour.
You are amphibious.
You can wear up to eight rings at the same time.
Your skin changes colour to match your surroundings (Stealth+).
Your rubbery body absorbs attacks. (AC +1, EV +1)
((You are camouflaged when in or above water. (Stealth+)))
You have tentacles for arms and can constrict up to eight enemies at once.


Message History

You kill the orc!
s - 66 stones
Okay, then.
Gastronok the Ponderous comes into view.
He is wearing a +0 hat of intelligence.
Aiming: Paralyse
Press: ? - help, Shift-Dir - straight line, f - Gastronok
Aim: Gastronok, wearing a +0 hat of intelligence (wandering, hasn't noticed you, chance to affect: 7%)
Okay, then.
Okay, then.
Casting: Sandblast (safe; 1% risk of failure)
Confirm with . or Enter, or press ? or * to list all spells.
Aiming: Petrify (dangerous; 14% risk of failure)
Press: ? - help, Shift-Dir - straight line, f - Gastronok
Aim: Gastronok, wearing a +0 hat of intelligence (wandering, hasn't noticed you, chance to affect: 11%)
Okay, then.
You start resting.
Gastronok is nearby!
Press: ? - help, v - describe, . - travel
Here: Gastronok, wearing a +0 hat of intelligence (wandering, hasn't noticed you)
The floor.
Unknown command.
The stone arrow hits Gastronok!!
Gastronok is lightly wounded.
The stone arrow hits Gastronok!!
Gastronok is heavily wounded.
The stone arrow hits Gastronok!
Gastronok is heavily wounded.
The stone arrow hits Gastronok!!
Gastronok is severely wounded.
Gastronok waves his eye-stalks in wide circles.
The air twists around and strikes you!!
You hit Gastronok.
Gastronok is severely wounded.
You hit Gastronok. You squeeze Gastronok.
Gastronok is severely wounded.
Gastronok gurgles, "Slow down, so I can eat you."
Gastronok bites you!!
Ouch! That really hurt!
You die...
Your body crumbles into a pile of gold.

.....##..).....#
#..<###..♣##♣..# ##.## #..#
#..# #.# #..# #..# #.#
#..♣##♣..# ##+## #........#
#...###...|....###
.....#####''####.# .#
......###....###@######w...
.......##.......w##..$.$...
.......'...........$.$.....
.......##.....##.##.###....
......###..#..##.##.# ...
.....## #........##.# .
#...## ##.##.##.##.# ##+##
#.......##.. ####.#######


You could see Gastronok.

Vanquished Creatures
  Pikel (D:7)
  A komodo dragon (D:8)
  A steam dragon (D:8)
  A water moccasin (D:5)
  3 ice beasts
  A sky beast (D:7)
  A centaur (D:6)
  3 ogres
  2 phantoms
  2 lemures (D:7)
  2 bullfrogs
  A necrophage (D:6)
  A scorpion (D:7)
  3 howler monkeys
  2 hounds
  An orc priest (D:3)
  6 jellies
  3 gnoll shamans
  4 iguanas
  7 orc wizards
  21 gnolls
  3 adders
  A shadow imp (D:7)
  A worm (D:3)
  A dart slug (D:1)
  25 orcs
  5 ball pythons
  6 bats
  9 endoplasms
  6 giant cockroaches
  12 goblins
  10 hobgoblins
  11 kobolds
  5 quokkas
  2 frilled lizards (D:1)
  4 rats
168 creatures vanquished.

Vanquished Creatures (others)
  A plant (D:5)
1 creature vanquished.

Grand Total: 169 creatures vanquished

Notes
Turn   | Place    | Note
-------+----------+-------------------------------------------
     0 | D:1      | Crownlay the Octopode Earth Elementalist began the quest
                  | for the Orb.
     0 | D:1      | Reached XP level 1. HP: 11/11 MP: 3/3
   124 | D:1      | Reached XP level 2. HP: 7/17 MP: 5/5
   397 | D:1      | Found Juphix's Book Shop.
   457 | D:1      | Reached skill level 1 in Conjurations
  1058 | D:1      | Reached XP level 3. HP: 18/21 MP: 6/6
  1066 | D:1      | Learned a level 3 spell: Stone Arrow
  1152 | D:1      | Found a faded altar of an unknown god.
  1430 | D:2      | Identified the +1 helmet of Greed {rF- Will++ Int+8 SInv}
  2080 | D:3      | Identified the +1 robe of the Candlemaker {Rampage rC+}
  2118 | D:3      | Reached XP level 4. HP: 20/27 MP: 8/8
  2634 | D:3      | Reached XP level 5. HP: 31/31 MP: 6/9
  3175 | D:4      | Noticed an ogre
  3301 | D:4      | Reached XP level 6. HP: 11/36 MP: 11/11
  3667 | D:4      | You fall into a shaft and drop 1 floor!
  3667 | D:5      | Entered Level 5 of the Dungeon
  4164 | D:5      | Reached skill level 5 in Earth Magic
  4164 | D:5      | Reached XP level 7. HP: 41/41 MP: 3/13
  4942 | D:5      | Found Kuehaed's Jewellery Shop.
  4951 | D:5      | Bought a ring of magical power for 240 gold pieces
  5036 | D:5      | Reached skill level 1 in Fighting
  5036 | D:5      | Reached skill level 5 in Spellcasting
  5036 | D:5      | Reached XP level 8. HP: 48/48 MP: 15/15
  5624 | D:4      | Reached skill level 5 in Conjurations
  6421 | D:5      | Learned a level 4 spell: Petrify
  6425 | D:5      | Found a staircase to the Ecumenical Temple.
  6438 | Temple   | Entered the Ecumenical Temple
  7052 | D:6      | Reached XP level 9. HP: 57/57 MP: 16/17
  7405 | D:6      | Found a transporter.
  7405 | D:6      | Noticed kae's ghost (novice DgFE)
  7407 | D:6      | Found a transporter.
  7453 | D:6      | Noticed a queen bee
  7847 | D:7      | Noticed Pikel
  8114 | D:7      | Killed Pikel
  8699 | Temple   | Became a worshipper of Gozag Ym Sagoz the Greedy
  8922 | D:8      | Noticed a komodo dragon
  8928 | D:8      | Killed a komodo dragon
  9237 | D:8      | Reached skill level 5 in Fighting
  9250 | D:8      | Noticed Gastronok
  9282 | D:8      | Mangled by Gastronok

Illustrated notes

Levels and vault maps discovered:
D:1:      amcnicky_arrival_flooded_fountain, layout_basic,
          ebering_ecumenical_altar_sacrificial, serial_shops, nicolae_shop_stone
D:2:      layout_rooms, amcnicky_mini_rare_corridor_liquid
D:3:      layout_loops_ring
D:4:      layout_rooms, serial_rivers, chequers_serial_rivers_micro_c,
          chequers_serial_rivers_large_b, chequers_serial_rivers_small_b,
          chequers_serial_rivers_micro_e, feat_on_display
D:5:      corexii_shantytown, layout_basic, temple_statues, serial_shops,
          nicolae_shop_hallway_plus
D:6:      layout_basic, gammafunk_ghost_hive
D:7:      layout_rooms, uniq_pikel
D:8:      layout_loops_corners, kennysheep_generic_room_6, uniq_gastronok,
          uniq_grum, uniq_erica
Temple:   mainiacjoe_temple_starburst

Skill      XL: |  1  2  3  4  5  6  7  8  9 |
---------------+----------------------------+-----
Conjurations   | 1 2 3 4 5 7 |  7.1
Spellcasting   | 3 4 5 6 |  6.8
Earth Magic    | 4 5 6 7 |  7.8
Fighting       | 1 3 5 |  5.1
Dodging        | |  2.0
Stealth        | |  2.6
Transmutations | |  1.0

Action                   |  1- 3 |  4- 6 |  7- 9 || total
-------------------------+-------+-------+-------++-------
Melee: Unarmed           |    85 |     4 |       ||    89
       Constrict         |    19 |    13 |     6 ||    38
       Tentacles         |    24 |    15 |    11 ||    50
       Punch             |     1 |       |     1 ||     2
       Dagger            |       |    43 |    28 ||    71
 Cast: Sandblast         |    10 |    29 |    77 ||   116
       Stone Arrow       |       |    15 |    86 ||   101
Evoke: Wand              |       |     2 |       ||     2
  Use: Scroll            |     3 |     1 |     7 ||    11
 Stab: Sleeping          |    11 |       |     5 ||    16
       Paralysed         |       |     5 |       ||     5
Armor: Skin              |     8 |     3 |     5 ||    16
Dodge: Dodged            |    45 |    32 |    36 ||   113

Table legend: (Time is in decaauts)
 A = Elapsed time spent in this place.
 B = Non-inter-level travel time spent in this place.
 C = Inter-level travel time spent in this place.
 D = Time resting spent in this place.
 E = Time spent auto-exploring this place.
 F = Levels seen in this place.
 G = Mean time per level.
                   A        B        C        D        E       F      G
               +--------+--------+--------+--------+--------+-----+--------+
         Total |   9287 |   8620 |    667 |     82 |   7272 |   9 | 1031.9 |
       Dungeon |   8837 |   8441 |    396 |     82 |   7103 |   8 | 1104.6 |
        Temple |    450 |    179 |    271 |      0 |    169 |   1 |  450.0 |
               +--------+--------+--------+--------+--------+-----+--------+

Top non-repeatable levels by time:
     D:5: 2211 daAuts
     D:1: 1328 daAuts
     D:4: 1314 daAuts
     D:3: 1107 daAuts
     D:6: 1025 daAuts
     D:7: 934 daAuts
     D:2: 719 daAuts
  Temple: 450 daAuts
     D:8: 196 daAuts
